Map: Newkirk Precinct TE (Void)

Players

Harstem

  • Race: Protoss Protoss
  • Spawn Location: 5:00

Neeb - Winner!

  • Race: Protoss Protoss
  • Spawn Location: 7:00

Event: IEM XI Katowice - World Championship 2017

VOD

Have the link to the VOD?

Description

Time

  • Played on: March 2, 2017, 10:12 a.m.
  • Length: 13:07

All games in this series

Show
View Real Time Build Order
Export as new Build Order

Harstem Protoss 

Build Orders:  

Get SALT Encoding   

  12  0:01  Probe (Chrono Boost)  
  13  0:11  Probe (Chrono Boost)  
  14  0:18  Pylon  
  14  0:22  Probe (Chrono Boost)  
  15  0:36  Probe (Chrono Boost)  
  15  0:40  Gateway  
  16  0:47  Probe (Chrono Boost)  
  17  0:51  Assimilator  
  17  0:56  Assimilator  
  17  0:57  Probe (Chrono Boost)  
  18  1:08  Gateway, Probe (Chrono Boost)  
  19  1:19  Probe (Chrono Boost)  
  20  1:27  Cybernetics Core  
  20  1:29  Probe (Chrono Boost)  
  21  1:35  Pylon  
  22  1:40  Probe (Chrono Boost)  
  22  1:50  Probe (Chrono Boost)  
  23  1:59  Pylon  
  23  2:01  Adept  
  23  2:03  Adept  
  23  2:04  Warp Gate  
  27  2:21  Robotics Facility  
  27  2:28  Stalker  
  27  2:29  Stalker  
  31  3:02  Nexus  
  31  3:11  Immortal  
  35  3:21  Sentry  
  37  3:35  Pylon  
  35  3:41  Gateway  
  35  3:48  Warp Prism  
  37  3:59  Probe (Chrono Boost)  
  38  4:11  Probe (Chrono Boost)  
  38  4:12  Adept, Sentry  
  40  4:22  Probe (Chrono Boost)  
  41  4:27  Probe (Chrono Boost)  
  42  4:33  Probe (Chrono Boost)  
  42  4:38  Probe (Chrono Boost)  
  44  4:42  Adept x3  
  44  4:43  Probe (Chrono Boost)  
  51  4:48  Probe (Chrono Boost)  
  52  4:54  Probe (Chrono Boost)  
  52  4:59  Stargate, Probe (Chrono Boost)  
  54  5:06  Probe (Chrono Boost)  
  55  5:11  Probe (Chrono Boost)  
  56  5:15  Stargate  
  56  5:17  Probe (Chrono Boost)  
  55  5:23  Adept x2  
  55  5:30  Probe (Chrono Boost)  
  55  5:31  Probe (Chrono Boost)  
  57  5:42  Probe (Chrono Boost), Void Ray  
  59  5:50  Assimilator  
  59  5:53  Mothership Core (Chrono Boost)  
  59  5:54  Probe (Chrono Boost)  
  59  5:55  Assimilator, Pylon  
  57  5:58  Adept  
  57  6:00  Adept  
  59  6:06  Adept  
  61  6:12  Pylon  
  60  6:18  Adept  
  60  6:19  Probe (Chrono Boost)  
  60  6:25  Probe (Chrono Boost)  
  59  6:32  Adept x2  
  56  6:36  Probe (Chrono Boost)  
  57  6:41  Probe (Chrono Boost)  
  59  6:47  Probe (Chrono Boost)  
  59  6:48  Sentry  
  59  6:50  Void Ray  
  59  6:51  Probe (Chrono Boost)  
  62  6:59  Probe (Chrono Boost)  
  67  7:01  Adept  
  67  7:02  Pylon  
  67  7:03  Probe (Chrono Boost)  
  70  7:20  Pylon  
  70  7:21  Probe x2 (Chrono Boost)  
  76  7:32  Pylon  
  76  7:33  Probe (Chrono Boost)  
  76  7:34  Void Ray  
  82  7:45  Probe (Chrono Boost)  
  82  7:47  Immortal  
  79  7:52  Probe (Chrono Boost)  
  79  7:57  Robotics Bay  
  80  7:58  Probe (Chrono Boost)  
  80  8:03  Zealot  
  82  8:05  Zealot  
  82  8:06  Pylon  
  82  8:11  Void Ray  
  84  8:25  Void Ray  
  84  8:27  Observer  
  84  8:32  Pylon  
  89  8:43  Disruptor  
  89  8:48  Pylon  
  89  8:53  Pylon  
  89  8:55  Pylon  
  92  8:56  Zealot  
  92  8:57  Adept  
  92  8:58  Void Ray  
  100  9:18  Disruptor  
  100  9:21  Nexus  
  100  9:24  Pylon  
  103  9:27  Void Ray  
  103  9:31  Pylon  
  107  9:48  Void Ray  
  107  9:51  Stalker  
  109  9:54  Disruptor  
  112  10:03  Probe x2 (Chrono Boost)  
  114  10:21  Void Ray  
  113  10:23  Probe (Chrono Boost)  
  113  10:25  Disruptor, Probe (Chrono Boost), Forge  
  119  10:36  Pylon  
  119  10:38  Pylon  
  119  10:43  Adept x2  
  118  10:50  Probe (Chrono Boost)  
  116  10:59  Disruptor, Probe (Chrono Boost)  
  112  11:08  Adept x2, Probe (Chrono Boost)  
  108  11:18  Probe (Chrono Boost)  
  111  11:30  Disruptor  
  110  11:38  Adept x2  
  117  11:51  Adept  
  115  12:04  Disruptor  
  115  12:11  Nexus  
  115  12:14  Void Ray  
Show
View Real Time Build Order
Export as new Build Order

Neeb Protoss - Winner!

Build Orders:  

Get SALT Encoding   

  12  0:00  Probe (Chrono Boost)  
  13  0:11  Probe (Chrono Boost)  
  14  0:18  Pylon  
  14  0:23  Probe (Chrono Boost)  
  15  0:36  Probe (Chrono Boost)  
  15  0:38  Gateway  
  16  0:47  Probe (Chrono Boost)  
  16  0:48  Assimilator  
  17  0:53  Assimilator  
  17  0:57  Probe (Chrono Boost)  
  18  1:05  Gateway  
  18  1:09  Probe (Chrono Boost)  
  19  1:20  Probe (Chrono Boost)  
  20  1:25  Cybernetics Core  
  20  1:30  Probe (Chrono Boost)  
  21  1:36  Pylon  
  21  1:41  Probe (Chrono Boost)  
  22  1:50  Warp Gate  
  22  1:51  Probe (Chrono Boost)  
  23  2:02  Mothership Core (Chrono Boost)  
  23  2:07  Stalker  
  27  2:12  Stalker  
  29  2:20  Pylon  
  29  2:27  Probe (Chrono Boost)  
  30  2:38  Adept  
  30  2:42  Adept  
  34  2:58  Nexus  
  35  3:07  Probe (Chrono Boost)  
  35  3:19  Probe (Chrono Boost)  
  36  3:24  Robotics Facility  
  36  3:30  Pylon  
  36  3:31  Probe (Chrono Boost)  
  37  3:43  Probe (Chrono Boost)  
  38  3:56  Gateway  
  38  3:58  Sentry  
  38  3:59  Stalker  
  38  4:02  Probe (Chrono Boost)  
  43  4:08  Immortal  
  47  4:18  Pylon  
  47  4:21  Probe (Chrono Boost)  
  47  4:24  Probe (Chrono Boost)  
  47  4:27  Sentry  
  49  4:33  Pylon  
  49  4:34  Probe (Chrono Boost)  
  50  4:38  Sentry  
  50  4:42  Warp Prism  
  52  4:52  Twilight Council  
  54  5:03  Probe (Chrono Boost)  
  54  5:04  Probe (Chrono Boost)  
  54  5:06  Stalker x2  
  59  5:13  Probe (Chrono Boost)  
  60  5:16  Probe (Chrono Boost)  
  61  5:24  Stalker  
  62  5:30  Stalker x2  
  64  5:38  Probe (Chrono Boost)  
  64  5:39  Probe (Chrono Boost)  
  62  5:44  Blink  
  62  5:49  Probe (Chrono Boost)  
  62  5:52  Probe (Chrono Boost)  
  62  6:00  Probe (Chrono Boost)  
  63  6:10  Stalker x3  
  69  6:20  Probe x2 (Chrono Boost)  
  71  6:31  Probe (Chrono Boost)  
  71  6:32  Probe (Chrono Boost)  
  69  6:34  Adept x2, Sentry  
  69  6:35  Pylon  
  71  6:41  Probe (Chrono Boost)  
  71  6:42  Assimilator x2  
  73  6:48  Probe (Chrono Boost), Forge  
  73  6:49  Stalker x2  
  73  6:52  Probe (Chrono Boost)  
  78  7:00  Observer, Probe (Chrono Boost)  
  80  7:02  Pylon  
  80  7:03  Probe (Chrono Boost)  
  81  7:12  Pylon, Probe (Chrono Boost)  
  81  7:13  Probe (Chrono Boost)  
  83  7:19  Gateway x2  
  83  7:22  Gateway  
  84  7:24  Probe (Chrono Boost)  
  84  7:27  Probe (Chrono Boost)  
  84  7:37  Probe (Chrono Boost)  
  84  7:39  Probe (Chrono Boost)  
  86  7:44  Stalker x3  
  86  7:49  Probe (Chrono Boost)  
  92  7:57  Templar Archives  
  92  8:00  Nexus  
  92  8:05  Protoss Ground Weapons Level 1  
  92  8:07  Pylon  
  92  8:15  Stalker x3  
  98  8:31  Probe (Chrono Boost)  
  98  8:32  Pylon  
  98  8:33  Probe (Chrono Boost)  
  100  8:35  Robotics Bay  
  100  8:45  Probe (Chrono Boost)  
  100  8:46  Probe (Chrono Boost)  
  102  8:49  High Templar x2  
  102  8:52  Pylon  
  102  8:53  Archon  
  102  8:54  Pylon  
  106  8:58  Pylon  
  104  9:03  Resonating Glaives  
  104  9:13  Adept x4  
  112  9:21  Disruptor  
  112  9:22  Pylon, Probe x2 (Chrono Boost)  
  112  9:24  Probe (Chrono Boost)  
  118  9:27  Gateway  
  118  9:31  Gateway  
  118  9:35  Probe x2 (Chrono Boost)  
  118  9:36  Probe (Chrono Boost)  
  121  9:43  Assimilator, Photon Cannon  
  115  9:47  Assimilator  
  115  9:51  Probe (Chrono Boost)  
  115  9:52  Disruptor, Probe (Chrono Boost), Protoss Ground Weapons Level 2  
  117  9:58  Adept x3  
  126  10:00  Adept  
  126  10:05  Pylon  
  126  10:22  Probe x2 (Chrono Boost)  
  126  10:23  Probe (Chrono Boost)  
  126  10:26  Disruptor  
  125  10:34  Probe (Chrono Boost), Stalker x3  
  123  10:57  Adept x2  
  123  10:58  Adept x4  
  135  11:08  Probe x2 (Chrono Boost)  
  136  11:18  Probe (Chrono Boost)  
  124  11:26  Stalker x6  
  124  11:30  Disruptor  
  136  11:38  Nexus  
  139  11:50  Stalker x5  
  139  11:52  Robotics Facility  
  149  11:57  Pylon  
  149  11:59  Pylon  
  149  12:00  Pylon  
  149  12:01  Disruptor  
  150  12:17  Stalker x4  
  158  12:25  Stalker x2  
  155  12:48  Stalker x5  

Tags
 
Add a new tag
Caveats
  • Supply blocks, unpowered buildings, or Contaminate may cause inaccurate times.
  • Supply counts are checked every 10 seconds.